 Dungeon Crawl Stone Soup version 0.31.0-32-g396128a36d (webtiles) character file.

Game seed: 4274169843768964556

214 Dvallin the Changeling (level 5, -5/36 HPs)
             Began as a Draconian Shapeshifter on Apr 1, 2024.
             Slain by a gnoll
             ... wielding a +0 flail
             ... led by a gnoll bouda
              (7 damage)
             ... on level 4 of the Dungeon.
             The game lasted 00:04:29 (2272 turns).

Dvallin the Changeling (Draconian Shapeshifter)     Turns: 2272, Time: 00:04:30

Health: -5/36      AC:  6    Str: 16    XL:     5   Next: 60%
Magic:  5/5        EV: 16    Int: 11    God:
Gold:   166        SH:  0    Dex: 12    Spells: 4/4 levels left

rFire   . .          .
                       - Unarmed
rCold   . . .        (shield currently unavailable)
rNeg    . . .        (body armour unavailable)
rPois   +            (helmet restricted)
rElec   .            (no cloak)
rCorr   .            l - +0 pair of gloves
SInv    .            (no boots)
Will    .....        (no amulet)
Stlth   +            r - ring of poison resistance
HPRegen 0.26/turn    (no ring)
MPRegen 0.09/turn

%: no passive effects
@: flux-form, glowing
A: glow, contaminating, reduced hp, AC +5, unfitting armour, cold-blooded
a: Begin Untransformation


You were on level 4 of the Dungeon.
You were something dangerously unstable.
You visited 1 branch of the dungeon, and saw 4 of its levels.

You collected 166 gold pieces.

Inventory:

Armour
 l - a +0 pair of gloves (worn)
Jewellery
 r - a ring of poison resistance (left hand)
Talismans
 c - a flux talisman (active)
Scrolls
 b - 2 scrolls of amnesia {unknown}
 g - a scroll of vulnerability {unknown}
 i - a scroll of fear {unknown}
 k - 2 scrolls of identify {unknown}
 m - 2 scrolls of teleportation {unknown}
 n - 2 scrolls of enchant armour {unknown}
Potions
 a - a potion of lignification
 d - 2 potions of attraction {unknown}
 e - a potion of might {unknown}
 f - 2 potions of enlightenment {unknown}
 h - a potion of degeneration {unknown}
 j - a potion of heal wounds {unknown}
 o - a potion of curing {unknown}
 p - a potion of berserk rage {unknown}
 q - a potion of mutation {unknown}


   Skills:
 - Level 1.1 Fighting
 - Level 1.7 Dodging
 - Level 3.0 Unarmed Combat
 + Level 6.0 Shapeshifting


You had 4 spell levels left.
You didn't know any spells.
Your spell library contained the following spells:

 Spells                   Type           Power      Damage    Failure   Level
 Inner Flame              Hex/Fire       0%         N/A       71%         3
 Irradiate                Conj/Alch      0%         3d11      100%        5
 Ignition                 Fire           0%         3d3       100%        8


Dungeon Overview and Level Annotations

Branches:
Dungeon (4/15)
 Temple: D:4-7

Altars:
Ashenzari
Fedhas

Annotations:
D:4 Ijyb


Innate Abilities, Weirdness & Mutations

You are something dangerously unstable.
You glow with magical radiation, making you easy to see and hit.
Foes you strike become dangerously contaminated with magical radiation.
Your maximum health is decreased, since you lack skill for your form.
You are incapable of wielding weapons or throwing items.
Your plain brown scales are hard. (AC +5)
You cannot fit into any form of body armour.
You are cold-blooded and may be slowed by cold attacks.


Message History

The gnoll closely misses you.
The gnoll bouda barks out a call to the hunt!
The gnolls pick up the pace!
You hit the gnoll.
The gnoll begins to glow.
The gnoll is lightly wounded.
You hit the gnoll but do no damage.
The gnoll glows dangerously bright.
You tail-slap the gnoll, but do no damage.
The gnoll is lightly wounded.
The gnoll closely misses you.
The gnoll hits you from afar with a +0 halberd.
An orc comes into view. It is wielding a +0 hand axe.
Ijyb hits you but does no damage.
You hit the gnoll.
The gnoll shudders as magic cascades through it!!
You kill the gnoll!
The gnoll completely misses you. Ijyb misses you.
The gnoll bouda gazes fiercely through you!
You feel your attacks grow feeble.
Your Shapeshifting skill increases to level 6!
The gnoll barely misses you. The gnoll attacks as it pursues you!
The gnoll barely misses you.
Your attacks no longer feel as feeble.
Ijyb zaps a wand.
You resist with some effort. The gnoll attacks as it pursues you!
The gnoll misses you. x2
The gnoll attacks as it pursues you! The gnoll hits you but does no damage.
The gnoll attacks as it pursues you!
The gnoll hits you from afar with a +0 halberd!
The gnoll hits you with a +0 flail! The gnoll attacks as it pursues you!
The gnoll closely misses you. The gnoll attacks as it pursues you!
The gnoll hits you with a +0 flail!
* * * LOW HITPOINT WARNING * * *
The gnoll throws a throwing net.
The throwing net misses you. The gnoll attacks as it pursues you!
The gnoll misses you. The gnoll attacks as it pursues you!
The gnoll hits you with a +0 flail.
* * * LOW HITPOINT WARNING * * *
The gnoll is no longer moving quickly.
The gnoll attacks as it pursues you! The gnoll hits you with a +0 flail.
* * * LOW HITPOINT WARNING * * *
The gnoll hits you with a +0 flail!
You die...

♣♣.......P..♣.
♣..........+
♣♣..........#
P~..........#
~~♣........#
P♣♣........#########
~~♣................#
~♣.†...........g...##...
~~♣.........g..gp.(.....
P♣♣........##########...
~ ♣........##
~~........g.#
~♣..........#
♣~.........)#
♣..........##
~♣........o# .........


You could see Ijyb and 2 gnolls.

Vanquished Creatures
  A howler monkey (D:4)
  A sleepcap (D:4)
  An iguana (D:4)
  An orc wizard (D:3)
  A gnoll (D:4)
  2 adders
  A dart slug (D:3)
  2 ribbon worms
  4 orcs (D:3)
  4 endoplasms
  6 goblins
  5 hobgoblins
  4 jackals (D:2)
  2 quokkas (D:1)
  6 ball pythons
  7 bats
  5 frilled lizards
  7 kobolds
  5 rats
65 creatures vanquished.

Notes
Turn   | Place    | Note
-------+----------+-------------------------------------------
     0 | D:1      | Dvallin the Draconian Shapeshifter began the quest for the
                  | Orb.
     0 | D:1      | Reached XP level 1. HP: 16/16 MP: 1/1
   101 | D:1      | Reached XP level 2. HP: 14/23 MP: 2/2
   543 | D:2      | Reached skill level 4 in Shapeshifting
   630 | D:2      | Reached XP level 3. HP: 14/28 MP: 3/3
  1231 | D:3      | Found a blossoming altar of Fedhas.
  1232 | D:3      | Found a broken altar of Ashenzari.
  1424 | D:3      | Reached XP level 4. HP: 20/35 MP: 4/4
  1570 | D:3      | Reached skill level 5 in Shapeshifting
  2111 | D:4      | Reached XP level 5. HP: 33/40 MP: 5/5
  2257 | D:4      | Noticed Ijyb
  2263 | D:4      | Reached skill level 6 in Shapeshifting
  2272 | D:4      | Slain by a gnoll

Illustrated notes

Levels and vault maps discovered:
D:1:      saegor_arrival_simple_a, layout_rooms
D:2:      layout_loops_ring, minmay_split_cup_small
D:3:      layout_basic, mainiacjoe_overflow_divided_tiny, grunt_ministairs_6,
          hangedman_decor_clover_reticule
D:4:      layout_gridville, serial_shops, shop, serial_bayou,
          serial_bayou_pond_d, serial_bayou_pond_a, serial_bayou_pond_b,
          serial_bayou_lake_a, uniq_ijyb

Skill      XL: |  1  2  3  4  5 |
---------------+----------------+-----
Shapeshifting  | 4 5 6 |  6.0
Fighting       | |  1.1
Dodging        | |  1.7
Unarmed Combat | |  3.0

Action                     |  1- 3 |  4- 6 || total
---------------------------+-------+-------++-------
  Melee: Unarmed           |   139 |    76 ||   215
         Tailslap          |    18 |     7 ||    25
 Armour: Skin              |    56 |    37 ||    93
  Dodge: Dodged            |   118 |    46 ||   164
   Form: Flux              |     1 |       ||     1
